 Dungeon Crawl Stone Soup version 0.29-a0-911-g88e6f02907 (webtiles) character file.

Game seed: 12160988203779276374

2884 Pelinal the Frost Mage (level 9, -1/57 HPs)
             Began as a Merfolk Ice Elementalist on July 26, 2022.
             Was an Initiate of Ashenzari.
             Slain by a sun demon (15 damage)
             ... summoned by an orc high priest
             ... in a bailey.
             The game lasted 00:20:20 (7463 turns).

Pelinal the Frost Mage (Merfolk Ice Elementalist)   Turns: 7463, Time: 00:20:21

Health: -1/57      AC:  8    Str:  8    XL:     9   Next: 77%
Magic:  8/12       EV: 14    Int: 19    God:    Ashenzari [......]
Gold:   321        SH:  0    Dex: 14    Spells: 5/12 levels left

rFire   + . .      SeeInvis .   E - +0 spear (venom)
rCold   . . .      Faith    .   (no shield)
rNeg    + . .      Spirit   .   i - +3 leather armour {rF+}
rPois   .          Reflect  .   q - +0 helmet of Ashenzari's Anxiety {Alch, Fort} (curse)
rElec   .          Harm     .   (no cloak)
rCorr   .          Rampage  .   (no gloves)
Will    .....                   r - +0 pair of boots
Stlth   +++.......              u - amulet of regeneration
HPRegen 0.99/turn               H - ring of positive energy
MPRegen 0.13/turn               (no ring)

@: spiked, freezing walls
A: (nimble swimmer 2), mertail
a: Renounce Religion, Shatter the Chains


You were in a bailey.
You worshipped Ashenzari.
Ashenzari was noncommittal.
You visited 2 branches of the dungeon, and saw 9 of its levels.
You also visited: Bailey.

You collected 321 gold pieces.

Inventory:

Hand Weapons
 a - a +5 dagger of draining
 b - a +0 sling
 D - a +3 spear of freezing
 E - a +0 spear of venom (weapon)
Missiles
 c - 11 poisoned darts (quivered)
 d - 96 stones
Armour
 i - a +3 leather armour of fire resistance (worn)
 q - the cursed +0 helmet of Ashenzari's Anxiety (worn) {Alch, Fort}
   (You found it on level 2 of the Dungeon)

   It has a curse which improves the following skills: Alchemy: Poison Magic and
   Transmutations.
   Fortitude: Armour and Shields.
 r - a +0 pair of boots (worn)
 v - +0 steam dragon scales
 F - a +2 kite shield
Magical Staves
 j - a staff of poison
Jewellery
 u - an amulet of regeneration (around neck)
 H - a ring of positive energy (left hand)
Wands
 C - a wand of charming (2)
Scrolls
 e - a scroll of immolation {unknown}
 g - a scroll of fog {unknown}
 k - a scroll of enchant armour {unknown}
 l - 2 scrolls of blinking {unknown}
 m - 2 scrolls of enchant weapon {unknown}
 x - 2 scrolls of teleportation {unknown}
 A - 2 scrolls of torment {unknown}
 B - a scroll of noise {unknown}
 G - a scroll of summoning {unknown}
Potions
 f - a potion of resistance {unknown}
 h - 2 potions of curing
 n - a potion of might {unknown}
 o - 2 potions of heal wounds
 p - 7 potions of mutation
 s - a potion of invisibility {unknown}
 t - a potion of berserk rage {unknown}
 w - 2 potions of lignification
 z - 2 potions of brilliance {unknown}
 I - 2 potions of haste


   Skills:
 * Level 2.8 Polearms
 + Level 5.6 Throwing
 + Level 8.0 Dodging
 + Level 7.3 Stealth
 - Level 2.0 Spellcasting
 - Level 8.1 Ice Magic
 - Level 5.0 Evocations


You had 5 spell levels left.
You knew the following spells:

 Your Spells              Type           Power      Damage    Failure   Level
a - Freeze                Ice            100%       1d11      1%          1
b - Frozen Ramparts       Ice            66%        1d8       2%          3
c - Ozocubu's Armour      Ice            33%        N/A       2%          3

Your spell library contained the following spells:

 Spells                   Type           Power      Damage    Failure   Level
 Magic Dart               Conj           4%         1d3       24%         1
 Call Imp                 Summ           1%         N/A       36%         2
 Hailstorm                Conj/Ice       17%        3d6       41%         4
 Mephitic Cloud           Conj/Pois/Air  1%         N/A       58%         3
 Ozocubu's Refrigeration  Ice            16%        4d8       100%        7


Dungeon Overview and Level Annotations

Branches:
Dungeon (8/15)             Temple (1/1) D:7          Bailey (1/1)
   Lair: D:8-11

Altars:
Ashenzari
Cheibriados
Dithmenos
Elyvilon
Fedhas
Gozag
Hepliaklqana
Kikubaaqudgha
Nemelex Xobeh
Okawaru
Qazlal
Ru
Sif Muna
Trog
Vehumet
Xom
Zin
The Shining One

Annotations:
D:3 Sigmund
D:4 3 runed translucent doors, dracfodder's ghost, amateur GrEE
D:5 2 transporters, Hubris850's ghost, novice MfGl


Innate Abilities, Weirdness & Mutations

((You are very nimble when in or above water. (Stealth+, EV+, Speed+++)))
Your lower body shifts to a powerful aquatic tail in water.


Message History

The orc high priest is lightly wounded.
The orc high priest misses you.
You barely miss the orc high priest.
The orc high priest is moderately wounded.
The orc high priest hits you with a +0 war axe!
You hit the orc high priest but do no damage.
The orc high priest looks as sick as possible!
The orc high priest is moderately wounded.
The orc high priest utters an invocation to Beogh.
Your +0 pair of boots unmelds from your body.
The red devil hits you from afar with a +0 trident!
Barbed spikes become lodged in your body.
The barbs in your skin will harm you if you move.
Continue?
Okay, then.
The barbs in your skin will harm you if you move.
Continue?
Okay, then.
Casting: Frozen Ramparts (dangerous; 2% risk of failure)
Confirm with . or Enter, or press ? or * to list all spells.
Casting: Frozen Ramparts (dangerous; 2% risk of failure)
Press: ? - help, Dir - look around, f - activate The walls around you are covered in ice.
The red devil is frozen!
The wall freezes the red devil.
The red devil hits you from afar with a +0 trident!
Barbed spikes become lodged in your body.
The wall freezes the orc high priest.
The orc high priest barely misses you.
Unknown command.
Casting: Frozen Ramparts (dangerous; 2% risk of failure)
Confirm with . or Enter, or press ? or * to list all spells.
Aiming: Freeze (safe; 1% risk of failure)
Press: ? - help, Shift-Dir - straight line, f - orc high priest
Aim: an orc high priest, wielding a +0 war axe and wearing a +0 ring mail (severely wounded, very poisoned)
You freeze the orc high priest.
The orc high priest is severely wounded.
The red devil is frozen!
The wall freezes the red devil!
The red devil hits you from afar with a +0 trident!
* * * LOW HITPOINT WARNING * * *
Barbed spikes become lodged in your body.
The sun demon is frozen!
The wall freezes the sun demon.
The sun demon hits you!
You die...

≈≈≈≈≈≈≈≈≈≈≈≈≈≈≈≈≈≈≈≈≈≈
≈≈≈≈≈≈≈≈≈≈≈≈≈≈≈≈≈≈≈≈≈≈
≈≈≈≈≈≈≈≈≈≈≈≈≈≈≈≈≈≈≈≈≈≈≈#
≈≈≈≈≈≈≈≈≈≈≈≈######≈≈≈≈≈#
............+..#.#≈≈≈≈≈#
#############..#'#≈≈≈≈≈#
+....#≈≈≈≈≈#
#....#≈≈≈≈≈#
####@#≈≈≈≈≈#
+[[#o34≈≈≈≈#
#[[#.≈≈≈≈≈≈#
#..#.≈≈≈≈≈≈#
####.≈≈≈≈≈≈# #.≈≈≈≈≈≈#
.∩≈≈≈≈≈≈# .#.≈≈≈≈≈≈#
###.≈≈≈≈≈≈#


You could see an orc high priest (very poisoned), a sun demon (summoned) and a
red devil (summoned).

Vanquished Creatures
  2 wyverns (D:7)
  2 steam dragons
  Eustachio (D:5)
  A water moccasin (D:6)
  An orc warrior (Bailey)
  An ogre (D:7)
  A black bear (D:4)
  A centaur (D:5)
  A kobold brigand (D:6)
  6 scorpions
  3 bullfrogs
  A gnoll sergeant (D:5)
  3 wights (D:7)
  2 electric eels (Bailey)
  A jelly (D:1)
  2 orc priests
  A gnoll bouda (D:5)
  5 hounds
  2 iguanas
  Ijyb (D:5)
  2 orc wizards
  7 adders
  16 gnolls
  2 shadow imps (D:7)
  2 white imps (D:5)
  2 ufetubi
  5 worms
  2 dart slugs
  19 orcs
  8 endoplasms
  7 giant cockroaches
  10 goblins
  11 hobgoblins
  7 jackals
  12 kobolds
  2 quokkas
  9 ball pythons
  4 bats
  3 frilled lizards
  7 rats
175 creatures vanquished.

Vanquished Creatures (collateral kills)
  A white imp (D:7)
1 creature vanquished.

Grand Total: 176 creatures vanquished

Notes
Turn   | Place    | Note
-------+----------+-------------------------------------------
     0 | D:1      | Pelinal the Merfolk Ice Elementalist began the quest for
                  | the Orb.
     0 | D:1      | Reached XP level 1. HP: 13/13 MP: 3/3
     1 | D:1      | Found a runed translucent door.
   152 | D:1      | Reached XP level 2. HP: 11/19 MP: 0/5
   405 | D:1      | Found a faded altar of an unknown god.
   421 | D:1      | Reached skill level 5 in Ice Magic
   601 | D:1      | Reached XP level 3. HP: 23/24 MP: 4/6
   648 | D:1      | Learned a level 3 spell: Frozen Ramparts
  1850 | D:2      | Reached XP level 4. HP: 24/30 MP: 4/7
  2593 | D:3      | Found a glowing golden altar of the Shining One.
  2630 | D:3      | Learned a level 3 spell: Ozocubu's Armour
  2848 | D:3      | Noticed Sigmund
  3038 | D:1      | Reached XP level 5. HP: 30/35 MP: 1/8
  3279 | D:3      | Found a faded altar of an unknown god.
  3280 | D:3      | Found a hazy altar of Hepliaklqana.
  3455 | D:4      | Reached XP level 6. HP: 29/41 MP: 2/9
  3604 | D:4      | Noticed a black bear
  3750 | D:4      | Killed a black bear
  3848 | D:4      | Reached skill level 1 in Throwing
  3851 | D:4      | Reached skill level 1 in Evocations
  3923 | D:4      | Found a runed translucent gate.
  3923 | D:4      | Found a runed translucent gate.
  3923 | D:4      | Found a runed translucent gate.
  3927 | D:4      | Noticed dracfodder's ghost (amateur GrEE)
  4071 | D:5      | Entered Level 5 of the Dungeon
  4098 | D:5      | Found an opulent altar of Gozag.
  4172 | D:5      | Found a blossoming altar of Fedhas.
  4185 | D:5      | Reached XP level 7. HP: 41/46 MP: 3/10
  4352 | D:5      | Noticed Ijyb
  4358 | D:5      | Killed Ijyb
  4432 | D:5      | Noticed Eustachio
  4468 | D:5      | Killed Eustachio
  4770 | D:5      | Reached XP level 8. HP: 35/52 MP: 4/11
  4862 | D:5      | Reached skill level 5 in Dodging
  5119 | D:5      | Noticed Hubris850's ghost (novice MfGl)
  5120 | D:5      | Found a transporter.
  5133 | D:5      | Found a transporter.
  5397 | D:6      | Reached skill level 5 in Stealth
  5875 | D:6      | Reached XP level 9. HP: 54/57 MP: 5/12
  5952 | D:7      | Found a staircase to the Ecumenical Temple.
  5961 | Temple   | Entered the Ecumenical Temple
  6095 | Temple   | Became a worshipper of Ashenzari the Shackled
  6154 | D:7      | Found an ancient bone altar of Kikubaaqudgha.
  6444 | D:7      | Found a stormy altar of Qazlal.
  6801 | D:7      | Found a snail-covered altar of Cheibriados.
  6816 | D:7      | Reached skill level 5 in Throwing
  6817 | D:7      | Reached skill level 5 in Evocations
  6944 | D:7      | Reached skill level 1 in Polearms
  7297 | D:8      | Found a flagged portal.
  7314 | Bailey   | Entered a bailey
  7447 | Bailey   | Noticed an orc high priest
  7459 | Bailey   | Noticed a red devil
  7459 | Bailey   | Noticed a sun demon
  7463 | Bailey   | Slain by a sun demon

Illustrated notes

Levels and vault maps discovered:
D:1:      dpeg_arrival_caged_fury, layout_loops_ring, basic_ecumenical_altar
D:2:      layout_basic, minmay_pentomino_q2
D:3:      layout_loops_ring, tso_oasis_becter,
          beargit_hepliaklqana_dungeon_heroes, cheibrodos_sewer_entry_bend,
          uniq_sigmund
D:4:      layout_cave_pools, ebering_ghost_rock_garden
D:5:      layout_basic, fedhas_bush_and_centaur_altar, lemuel_crystal_altar,
          gammafunk_ghost_smash, palyth_stone_intersect, uniq_ijyb,
          uniq_eustachio
D:6:      layout_gridville, minmay_misc_feat_secret_circle
D:7:      layout_loops_ring, kennysheep_slug_shrine,
          mainiacjoe_overflow_24_doors, kiku_gazebo_pond_becter,
          minmay_temple_entry_mini_moons, kennysheep_dice
D:8:      layout_gridville, mainiacjoe_overflow_brackets,
          minmay_lair_entry_grove, enter_bailey_3, gammafunk_ghost_necromancy
Temple:   nicolae_temple_bog_church
Bailey:   bailey_axe_of_yendor_kennysheep, bailey

Skill      XL: |  1  2  3  4  5  6  7  8  9 |
---------------+----------------------------+-----
Ice Magic      | 5 6 8 |  8.1
Dodging        | 3 4 6 8 |  8.0
Throwing       | 1 2 4 5 |  5.6
Evocations     | 1 2 4 5 |  5.0
Stealth        | 4 5 7 |  7.3
Polearms       | 2 |  2.8
Spellcasting   | |  2.0

Action                   |  1- 3 |  4- 6 |  7- 9 || total
-------------------------+-------+-------+-------++-------
Melee: Short sword       |     6 |    23 |       ||    29
       Dagger            |     5 |    64 |    24 ||    93
       Punch             |       |     1 |     3 ||     4
       Spear             |       |       |   241 ||   241
       Tailslap          |       |       |     9 ||     9
 Fire: Sling             |    50 |     4 |       ||    54
Throw: Dart              |       |     1 |    20 ||    21
       Stone             |       |       |     2 ||     2
 Cast: Freeze            |    22 |     4 |     7 ||    33
       Frozen Ramparts   |     4 |    13 |    23 ||    40
       Ozocubu's Armour  |       |     6 |    19 ||    25
Invok: Curse Item        |       |       |     1 ||     1
Evoke: Wand              |       |       |    11 ||    11
  Use: Scroll            |       |     3 |     2 ||     5
       Potion            |       |     2 |     3 ||     5
 Stab: Sleeping          |     2 |     3 |    10 ||    15
Armor: Robe              |     6 |    28 |     9 ||    43
       Leather armour    |       |       |    82 ||    82
Dodge: Dodged            |    14 |    67 |   188 ||   269

Table legend: (Time is in decaauts)
 A = Elapsed time spent in this place.
 B = Non-inter-level travel time spent in this place.
 C = Inter-level travel time spent in this place.
 D = Time resting spent in this place.
 E = Time spent auto-exploring this place.
 F = Levels seen in this place.
 G = Mean time per level.
                   A        B        C        D        E       F      G
               +--------+--------+--------+--------+--------+-----+--------+
         Total |   7435 |   6956 |    479 |   1068 |   3717 |  10 |  743.5 |
       Dungeon |   7190 |   6725 |    465 |   1023 |   3633 |   8 |  898.8 |
        Temple |    116 |    103 |     13 |      0 |     83 |   1 |  116.0 |
        Bailey |    128 |    128 |      0 |     45 |      1 |   1 |  128.0 |
               +--------+--------+--------+--------+--------+-----+--------+

Top non-repeatable levels by time:
     D:2: 1468 daAuts
     D:1: 1212 daAuts
     D:7: 1188 daAuts
     D:5: 1123 daAuts
     D:4: 737 daAuts
     D:6: 735 daAuts
     D:3: 701 daAuts
  Bailey: 128 daAuts
  Temple: 116 daAuts
     D:8: 24 daAuts
